Map: Romanticide LE

Players

Yoger

  • Race: Zerg Zerg
  • League: Master
  • Spawn Location: 11:00

Has - Winner!

  • Race: Protoss Protoss
  • Spawn Location: 5:00

Event: DreamHack SC2 Masters 2020 Winter

VOD

Have the link to the VOD?

Description

Time

  • Played on: Oct. 22, 2020, 8:14 a.m.
  • Length: 5:22

All games in this series

Show
View Real Time Build Order
Export as new Build Order

Yoger Zerg 

Build Orders: Hatch First 

Get SALT Encoding   

  12  0:00  Drone  
  13  0:13  Overlord  
  13  0:17  Drone  
  14  0:31  Drone  
  14  0:32  Drone  
  16  0:49  Hatchery  
  15  0:52  Drone  
  15  0:56  Drone  
  17  0:58  Drone  
  18  1:10  Extractor  
  17  1:13  Spawning Pool  
  17  1:16  Drone  
  17  1:20  Drone  
  18  1:28  Drone  
  19  1:41  Drone  
  20  1:56  Hatchery  
  19  2:02  Spine Crawler  
  19  2:05  Zergling x2  
  19  2:09  Spine Crawler  
  18  2:18  Zergling x2  
  18  2:22  Zergling x4  
  20  2:25  Zergling x2  
  20  2:28  Zergling x2  
  22  2:33  Zergling x2  
  22  2:34  Zergling x2  
  23  2:49  Extractor, Roach Warren  
  23  2:50  Drone  
  23  2:53  Queen  
  23  2:57  Drone  
  26  3:07  Overlord  
  26  3:19  Overlord  
  24  3:29  Roach x2  
  27  3:37  Roach  
  27  3:41  Drone  
  30  3:46  Drone  
  31  3:49  Drone  
  31  3:52  Ravager x2  
  35  3:55  Drone  
  35  4:06  Queen  
  35  4:09  Ravager  
  38  4:10  Drone  
  38  4:13  Overlord  
  38  4:16  Drone  
  35  4:31  Drone  
  35  4:33  Drone  
  35  4:35  Drone  
  35  4:43  Drone x2  
  37  4:47  Drone  
  37  4:51  Drone  
  36  5:04  Overlord  
Show
View Real Time Build Order
Export as new Build Order

Has Protoss - Winner!

Build Orders:  

Get SALT Encoding   

  12  0:00  Probe  
  13  0:13  Probe  
  14  0:20  Pylon  
  14  0:25  Probe (Chrono Boost)  
  15  0:40  Probe (Chrono Boost)  
  16  0:45  Probe (Chrono Boost)  
  16  0:48  Gateway  
  17  0:52  Forge  
  17  0:54  Probe  
  18  1:01  Assimilator  
  18  1:06  Probe  
  19  1:18  Probe  
  20  1:28  Pylon  
  20  1:32  Probe  
  21  1:33  Pylon  
  21  1:36  Pylon  
  21  1:47  Photon Cannon  
  21  1:48  Cybernetics Core  
  21  1:51  Pylon  
  22  1:57  Probe  
  22  2:04  Photon Cannon  
  22  2:06  Photon Cannon  
  22  2:09  Probe  
  23  2:20  Assimilator  
  23  2:22  Probe  
  24  2:24  Adept (Chrono Boost)  
  24  2:25  Shield Battery  
  26  2:32  Warp Gate  
  26  2:34  Probe  
  27  2:43  Pylon  
  27  2:47  Probe  
  27  2:48  Adept  
  30  3:00  Stargate  
  30  3:01  Probe  
  31  3:19  Adept  
  33  3:29  Gateway  
  33  3:36  Void Ray (Chrono Boost)  
  33  3:38  Nexus  
  34  3:48  Probe  
  38  3:57  Pylon  
  38  4:00  Probe  
  39  4:10  Void Ray (Chrono Boost)  
  39  4:15  Probe  
  44  4:28  Probe  
  41  4:40  Probe  
  41  4:43  Void Ray (Chrono Boost)  
  42  4:46  Assimilator  
  42  4:48  Assimilator  
  42  4:51  Probe  
  42  4:52  Probe  
  48  5:03  Probe  
  48  5:04  Probe  
  50  5:12  Pylon  
Tags
 
Add a new tag
Caveats
  • Supply blocks, unpowered buildings, or Contaminate may cause inaccurate times.
  • Supply counts are checked every 10 seconds.